 Dungeon Sprint DCSS version 0.29.1-14-g9c671dbff4 (webtiles) character file.

Game seed: 13730515465132691097

6941 Groucho the Unseen (level 10, -1/44 HPs)
             Began as a Spriggan Enchanter on Feb 17, 2023.
             Was an Elder of Dithmenos.
             Engulfed by a death drake's foul pestilence (10 damage)
             ... in the Dungeon (Sprint II: "The Violet Keep of Menkaure") on Feb 18, 2023.
             The game lasted 00:09:13 (813 turns).

Groucho the Unseen (Spriggan Enchanter)              Turns: 813, Time: 00:09:14

Health: -1/44      AC:  5    Str:  8    XL:     10   Next: 80%
Magic:  35/40      EV: 24    Int: 16    God:    Dithmenos [****..]
Gold:   5          SH:  5    Dex: 17    Spells: 28/41 levels left

rFire   + . .      SeeInvis +   a - +1 dagger
rCold   . . .      Faith    .   (no shield)
rNeg    + . .      Spirit   .   c - +1 robe {rF+}
rPois   +          Reflect  +   (helmet restricted)
rElec   .          Harm     .   f - +1 cloak {rPois}
rCorr   .          Rampage  .   (gloves unavailable)
Will    +....      NoTele   +   (boots unavailable)
Stlth   ++++++++++              k - amulet of reflection
HPRegen 0.14/turn               j - ring of positive energy
MPRegen 0.27/turn               l - ring of magical power

@: lethally poisoned (-1 -> -31), slowed, wreathed by umbra, quick
A: very small, no large weapons, unfitting armour, see invisible, speed 3
a: Renounce Religion, Shadow Step


You were in the Dungeon.
You worshipped Dithmenos.
Dithmenos was greatly pleased with you.
You visited 1 branch You collected 1325 gold pieces.
You spent 1320 gold pieces at shops.

Inventory:

Hand Weapons
 a - a +1 dagger (weapon)
Armour
 c - a +1 robe of fire resistance (worn)
 f - a +1 cloak of poison resistance (worn)
Jewellery
 j - a ring of positive energy (left hand)
 k - an amulet of reflection (around neck)
 l - a ring of magical power (right hand)
Potions
 b - a potion of ambrosia {unknown}
 d - a potion of curing
 e - a potion of heal wounds
 g - 2 potions of magic
 h - a potion of berserk rage


   Skills:
 - Level 10.0 Short Blades
 + Level 10.7 Dodging
 - Level 17.0 Stealth
 + Level 16.2 Spellcasting
 - Level 14.0 Hexes
 * Level 10.4 Earth Magic


You had 28 spell levels left.
You knew the following spells:

 Your Spells              Type           Power      Damage    Failure   Level
a - Ensorcelled Hibernat  Hex/Ice        70%        N/A       1%          2
b - Lee's Rapid Deconstr  Erth           23%        3d14*     1%          5
c - Confusing Touch       Hex            55%        N/A       1%          3
d - Dazzling Flash        Conj/Hex       70%        N/A       1%          3

Your spell library contained the following spells:

 Spells                   Type           Power      Damage    Failure   Level
 Tukima's Dance           Hex            55%        N/A       1%          3
 Leda's Liquefaction      Hex/Erth       25%        N/A       1%          4
 Statue Form              Tmut/Erth      19%        N/A       65%         6


Dungeon Overview and Level Annotations

Branches:
Dungeon (1/1)

Altars:
Cheibriados
Dithmenos
Elyvilon
Fedhas
Gozag
Hepliaklqana
Kikubaaqudgha
Makhleb
Nemelex Xobeh
Okawaru
Qazlal
Ru
Sif Muna
Trog
Uskayaw
Vehumet
Wu Jian
Xom
Yredelemnul
Zin
The Shining One
Jiyva
Lugonu

Shops:
D ?(:[[=!?=![*[:*

Annotations:
D exclusion: oklob plant


Innate Abilities, Weirdness & Mutations

You are very small and have problems with some larger weapons.
You are too small for most types of armour.
You have supernaturally acute eyesight. (SInv)
You cover ground extremely quickly. (Speed+++)


Message History

You perforate the swamp drake like a sieve!!!!
You kill the swamp drake!
Dithmenos accepts your kill.
Your shadow now sometimes tangibly mimics your actions.
The swamp drake roars!
The death drake hisses angrily.
Casting: Confusing Touch (safe; 1% risk of failure)
Confirm with . or Enter, or press ? or * to list all spells.
Aiming: Ensorcelled Hibernation (safe; 1% risk of failure)
Press: ? - help, Shift-Dir - straight line, f - death drake
Aim: a death drake (umbra, chance to affect: 46%)
The death drake resists with some effort.
The death drake barely misses you.
Casting: Ensorcelled Hibernation (safe; 1% risk of failure)
Confirm with . or Enter, or press ? or * to list all spells.
Aiming: Ensorcelled Hibernation (safe; 1% risk of failure)
Press: ? - help, Shift-Dir - straight line, f/p - death drake
Aim: a death drake (umbra, chance to affect: 46%)
The death drake resists with some effort.
The death drake barely misses you. The swamp drake breathes poison at you.
The noxious blast engulfs the death drake but does no damage.
The death drake is poisoned.
The death drake breathes miasma at you. The foul vapour engulfs you!!
You feel yourself slow down.
You emit a cloud of dark smoke.
You enter the shallow water.
Moving in this stuff is going to be slow.
The death drake breathes miasma at you. The foul vapour engulfs you!
You are engulfed in dark miasma.
The death drake breathes miasma at you. The foul vapour engulfs you!
You are lethally poisoned!
You feel as though you will be slow longer.
* * * LOW HITPOINT WARNING * * *
There is an open door here.
Unknown command.
You are engulfed in dark miasma.
You feel as though you will be slow longer.
You die... ##..# ...#..#...#### .######..#####..##.# $![))

#'###.##..#..'§k#.)#▓$)!!((
#.##...#..#..#§§#..#▓?!??$?$
.<.'###'..####§°##°#▓))$[$$)
#.##...#....###§k°##▓▓▓▓▓▓▓+
#'###.##......§°○°°~~~~~~~~
.#.####~§.....°#°########+###
###.#~~~§~~~..~#@°_.....#S~~#
.#.##~~~~§§~~.~#._._....#S~≈§
#+##~~~§≈≈§~~~~#_._._...#~~§§
~ ~~~~~~≈§§§~~~#._._._..#§~~§
+#+++#~§§≈≈§§≈~#_._._._.#~~~§
≈ ##§≈≈###≈§#._._._._#§~~~
#≈§#.._._._.#~~≈§
#≈≈#._._._..#~§≈§
§§§##########~≈§≈


You could see a death drake and a swamp drake.

Vanquished Creatures
  A deep elf master archer (D)
  A fire dragon (D)
  2 boulder beetles (D)
  3 manticores (D)
  2 unseen horrors (D)
  A yaktaur (D)
  3 polar bears (D)
  A hornet (D)
  2 wyverns (D)
  4 neqoxecs (D)
  A water moccasin (D)
  A swamp drake (D)
  4 necrophages (D)
  A hell rat (D)
27 creatures vanquished.

Vanquished Creatures (others)
  Menkaure (D)
  A water moccasin (D)
2 creatures vanquished.

Grand Total: 29 creatures vanquished

Notes
Turn   | Place    | Note
-------+----------+-------------------------------------------
     0 | D        | Groucho the Spriggan Enchanter began the quest for the Orb.
     0 | D        | Reached XP level 1. HP: 9/9 MP: 5/5
     3 | D        | Noticed a neqoxec
     6 | D        | Noticed a boulder beetle
     6 | D        | Noticed a boulder beetle
     9 | D        | Noticed a wyvern
     9 | D        | Noticed a wyvern
    12 | D        | Noticed a necrophage
    12 | D        | Noticed a necrophage
    12 | D        | Noticed a necrophage
    12 | D        | Noticed a necrophage
    18 | D        | Killed a necrophage
    19 | D        | Reached skill level 7 in Stealth
    19 | D        | Reached skill level 5 in Spellcasting
    19 | D        | Reached skill level 5 in Hexes
    19 | D        | Reached XP level 2. HP: 13/13 MP: 6/9
    19 | D        | Reached XP level 3. HP: 16/16 MP: 6/10
    20 | D        | Killed a necrophage
    21 | D        | Reached skill level 5 in Short Blades
    21 | D        | Reached skill level 8 in Stealth
    21 | D        | Reached XP level 4. HP: 21/21 MP: 7/13
    22 | D        | Killed a necrophage
    23 | D        | Reached skill level 9 in Stealth
    23 | D        | Reached XP level 5. HP: 24/24 MP: 7/15
    27 | D        | Reached skill level 10 in Stealth
    38 | D        | Killed a neqoxec
    38 | D        | Noticed a neqoxec
    39 | D        | Reached skill level 11 in Stealth
    39 | D        | Reached XP level 6. HP: 28/28 MP: 8/18
    43 | D        | Killed a neqoxec
    44 | D        | Reached skill level 12 in Stealth
    44 | D        | Reached XP level 7. HP: 32/32 MP: 8/20
    44 | D        | Noticed a neqoxec
    48 | D        | Killed a neqoxec
    49 | D        | Reached skill level 13 in Stealth
    49 | D        | Reached skill level 10 in Hexes
    49 | D        | Noticed an ice statue
    49 | D        | Noticed a neqoxec
    59 | D        | Killed a neqoxec
    60 | D        | Reached skill level 10 in Spellcasting
    63 | D        | Killed Menkaure
    73 | D        | Killed a wyvern
    76 | D        | Killed a wyvern
    77 | D        | Reached skill level 14 in Stealth
    77 | D        | Reached XP level 8. HP: 36/36 MP: 11/23
    83 | D        | Killed a boulder beetle
    84 | D        | Reached skill level 10 in Short Blades
    84 | D        | Reached skill level 15 in Stealth
    86 | D        | Killed a boulder beetle
    87 | D        | Reached skill level 17 in Stealth
    87 | D        | Reached XP level 9. HP: 39/39 MP: 11/27
   172 | D        | Found Noubexer's Armour Emporium.
   172 | D        | Found Fuatzaa's Armour Emporium.
   172 | D        | Found Xaela's Magic Scroll Shoppe.
   172 | D        | Found Olor's Assorted Antiques.
   172 | D        | Found Fapig's Distillery.
   172 | D        | Found Obunad's General Store.
   172 | D        | Found Haomyp's Book Shoppe.
   173 | D        | Found Fienoinn's Jewellery Emporium.
   173 | D        | Found Totaof's Distillery.
   174 | D        | Found Temoox's Jewellery Shoppe.
   174 | D        | Found Hoatugy's Antique Armour Emporium.
   175 | D        | Noticed a polar bear
   176 | D        | Found Halor's Antique Armour Emporium.
   176 | D        | Noticed a polar bear
   176 | D        | Noticed an oklob plant
   177 | D        | Found Qiexox's Antique Weapon Shoppe.
   177 | D        | Found Moedidgh's Book Shoppe.
   177 | D        | Found Dymestreror's Magic Scroll Emporium.
   178 | D        | Noticed a shining eye
   179 | D        | Noticed a shining eye
   179 | D        | Noticed a shining eye
   203 | D        | Learned a level 2 spell: Ensorcelled Hibernation
   237 | D        | Bought a +1 robe of fire resistance for 127 gold pieces
   258 | D        | Bought a book of the Earth for 396 gold pieces
   268 | D        | Learned a level 5 spell: Lee's Rapid Deconstruction
   272 | D        | Bought a potion of flight for 42 gold pieces
   337 | D        | Bought a runed cloak for 165 gold pieces
   367 | D        | Found an iron altar of Okawaru.
   367 | D        | Found a radiant altar of Vehumet.
   367 | D        | Found a glowing silver altar of Zin.
   368 | D        | Found a sparkling altar of Nemelex Xobeh.
   368 | D        | Found a hide-covered altar of Uskayaw.
   369 | D        | Found an opulent altar of Gozag.
   369 | D        | Found a burning altar of Makhleb.
   369 | D        | Found a bloodstained altar of Trog.
   369 | D        | Found a basalt altar of Yredelemnul.
   370 | D        | Found a blossoming altar of Fedhas.
   370 | D        | Found a corrupted altar of Lugonu.
   370 | D        | Found a shimmering blue altar of Sif Muna.
   371 | D        | Found a white marble altar of Elyvilon.
   371 | D        | Found an ancient bone altar of Kikubaaqudgha.
   372 | D        | Found a shadowy altar of Dithmenos.
   372 | D        | Found a viscous altar of Jiyva.
   373 | D        | Found a snail-covered altar of Cheibriados.
   375 | D        | Found a shimmering altar of Xom.
   375 | D        | Found a sacrificial altar of Ru.
   375 | D        | Found a hazy altar of Hepliaklqana.
   376 | D        | Found a glowing golden altar of the Shining One.
   376 | D        | Found an ornate altar of the Wu Jian Council.
   376 | D        | Found a stormy altar of Qazlal.
   382 | D        | Became a worshipper of Dithmenos the Shadowed
   391 | D        | Learned a level 3 spell: Confusing Touch
   395 | D        | Learned a level 3 spell: Dazzling Flash
   406 | D        | Noticed a deep elf master archer
   414 | D        | Killed a deep elf master archer
   415 | D        | Reached skill level 5 in Earth Magic
   420 | D        | Noticed a fire dragon
   422 | D        | Killed a fire dragon
   423 | D        | Reached XP level 10. HP: 44/44 MP: 29/29
   436 | D        | Noticed a manticore
   436 | D        | Noticed a manticore
   436 | D        | Noticed a manticore
   438 | D        | Killed a manticore
   438 | D        | Reached * piety under Dithmenos
   439 | D        | Reached skill level 15 in Spellcasting
   439 | D        | Killed a manticore
   441 | D        | Killed a manticore
   454 | D        | Reached ** piety under Dithmenos
   479 | D        | Reached skill level 10 in Dodging
   480 | D        | Reached *** piety under Dithmenos
   501 | D        | Reached skill level 10 in Earth Magic
   760 | D        | Bought an amulet of reflection for 330 gold pieces
   771 | D        | Bought a ring of magical power for 260 gold pieces
   801 | D        | Noticed a death drake
   801 | D        | Noticed a crystal guardian
   801 | D        | Noticed a death drake
   802 | D        | Reached **** piety under Dithmenos
   813 | D        | Engulfed by a death drake's foul pestilence

Illustrated notes

Levels and vault maps discovered:
D:        the_violet_keep_of_menkaure [sprint2_stairs_cluster_1,
          sprint2_shoproom, sprint2_temple, sprint2_basic_supplies,
          sprint2_obstacle_4, sprint2_obstacle_7, sprint2_obstacle_2,
          sprint2_obstacle_6, sprint2_obstacle_1, sprint2_timed_cluster_1,
          sprint2_smallroom_cluster_1, sprint2_smallroom_final_cluster_1,
          sprint2_transparent_cluster_1, sprint2_second_timed_cluster_1,
          sprint2_sniper_area_1, sprint2_heavy_combat_area_1,
          sprint2_mutation_trap_area_1, sprint2_forest_area_1,
          sprint2_light_combat_area_1, sprint2_behind_water_1,
          sprint2_near_end_vault_1]

Skill      XL: |  1  2  3  4  5  6  7  8  9 10 |
---------------+-------------------------------+-----
Short Blades   | 4 5 6 7 8 9 10 | 10.0
Stealth        | 7 8 9 11 12 14 17 | 17.0
Spellcasting   | 5 6 7 8 9 10 13 14 16 | 16.2
Hexes          | 5 6 7 9 11 13 14 | 14.0
Dodging        | 7 10 | 10.7
Earth Magic    | 6 10 | 10.4

Action                   |  1- 3 |  4- 6 |  7- 9 | 10-12 || total
-------------------------+-------+-------+-------+-------++-------
Melee: Dagger            |     5 |    14 |    18 |    32 ||    69
 Cast: Ensorcelled Hiber |       |       |     3 |     6 ||     9
       Confusing Touch   |       |       |       |     3 ||     3
  Use: Potion            |     2 |       |     2 |       ||     4
       Scroll            |       |       |       |     1 ||     1
 Stab: Sleeping          |     2 |     1 |     7 |     9 ||    19
       Invisible         |     1 |     4 |     2 |       ||     7
       Confused          |       |       |       |     3 ||     3
Armor: Robe              |       |       |       |     3 ||     3
Dodge: Dodged            |     3 |     4 |     7 |    29 ||    43
